 Dungeon Crawl Stone Soup version 0.27-a0-406-g23f261f (webtiles) character file.

Game seed: 5629172909578837630

2263 MrTaco21 the Basher (level 9, 0/51 HPs)
             Began as a Gargoyle Fighter on Feb 22, 2021.
             Splashed by a jelly's acid (3 damage)
             ... on level 6 of the Dungeon.
             The game lasted 00:07:45 (8036 turns).

MrTaco21 the Basher (Gargoyle Fighter)              Turns: 8036, Time: 00:07:46

Health: 0/51       AC: 16    Str: 22    XL:     9   Next: 38%
Magic:  9/9        EV:  7    Int: 10    God:
Gold:   250        SH:  9    Dex:  9    Spells: 8/8 levels left

rFire    . . .     SeeInvis .   z - +1 whip (freeze)
rCold    . . .     Faith    .   c - +0 kite shield
rNeg     + . .     Spirit   .   b - +0 scale mail
rPois    ∞         Reflect  .   s - +0 helmet
rElec    +         Harm     .   p - +1 cloak
rCorr    .         Rampage  .   (no gloves)
Will     .....                  (no boots)
Stlth    ..........             (no amulet)
HPRegen  0.17/turn              (no ring)
MPRegen  0.11/turn              (no ring)

@: no status effects
A: negative energy resistance 1, electricity resistance, unbreathing,
petrification resistance, miasma immunity, AC +6
a: no special abilities


You were on level 6 of the Dungeon.
You visited 2 branches of the dungeon, and saw 8 of its levels.

You collected 250 gold pieces.

Inventory:

Hand Weapons
 z - a +1 whip of freezing (weapon)
   (You took it off Pikel on level 5 of the Dungeon)
Missiles
 w - 8 poisoned darts (quivered)
Armour
 b - a +0 scale mail (worn)
 c - a +0 kite shield (worn)
 p - a +1 cloak (worn)
   (You took it off Crazy Yiuf on level 2 of the Dungeon)
 s - a +0 helmet (worn)
   (You found it on level 3 of the Dungeon)
Scrolls
 g - a scroll of random uselessness {unknown}
 k - 8 scrolls of identify {unknown}
 l - 2 scrolls of amnesia {unknown}
 m - a scroll of enchant armour {unknown}
 n - 2 scrolls of teleportation {unknown}
 u - a scroll of noise {unknown}
 v - 3 scrolls of fog {unknown}
 y - 3 scrolls of immolation {unknown}
Potions
 a - a potion of invisibility {unknown}
 d - 3 potions of might
 e - 4 potions of heal wounds {@q2}
 f - 5 potions of flight {unknown}
 h - 2 potions of haste {unknown}
 i - 3 potions of degeneration {unknown}
 j - 3 potions of curing {unknown}
 o - a potion of lignification {unknown}
 q - 2 potions of ambrosia {unknown}
 r - a potion of cancellation {unknown}
 t - a potion of magic {unknown}
 x - 2 potions of mutation {unknown}


   Skills:
 + Level 3.6 Fighting
 - Level 12.0 Maces & Flails
 - Level 3.2 Armour
 + Level 3.6 Shields


You had 8 spell levels left.
You didn't know any spells.
Your spell library contained the following spells:

 Spells                   Type           Power        Failure   Level
 Shock                    Conj/Air       0%           99%         1
 Swiftness                Air            0%           100%        2
 Confusing Touch          Hex            0%           100%        3
 Gell's Gravitas          Tloc           0%           100%        3
 Static Discharge         Conj/Air       0%           100%        3
 Airstrike                Air            0%           100%        4
 Petrify                  Tmut/Erth      0%           100%        4
 Lightning Bolt           Conj/Air       0%           100%        5
 Metabolic Englaciation   Hex/Ice        0%           100%        5
 Yara's Violent Unravell  Hex/Tmut       0%           100%        5


Dungeon Overview and Level Annotations

Branches:
Dungeon (7/15)             Temple (1/1) D:5

Altars:
Ashenzari
Cheibriados
Dithmenos
Elyvilon
Gozag
Hepliaklqana
Kikubaaqudgha
Makhleb
Qazlal
Ru
Trog
Uskayaw
Vehumet
Xom
Yredelemnul
Zin
The Shining One

Shops:
D:5 !

Annotations:
D:4 2 transporters, 3 runed translucent doors, ThatDude's ghost, novice TeCj


Innate Abilities, Weirdness & Mutations

You are resistant to torment.
Your stone body is resilient. (AC +6)
You are immune to poison.
You resist negative energy. (rN+)
You are resistant to electric shocks. (rElec)
You can survive without breathing.
You are immune to petrification.
You are immune to miasma.


Message History

Menkaure seems to speed up.
An ufetubus comes into view.
You completely miss Menkaure.
The ufetubus shouts!
Menkaure hits you!
* * * LOW HITPOINT WARNING * * *
The centaur shoots an arrow.
The arrow hits you but does no damage. The jelly hits you but does no damage.
You are too injured to fight recklessly!
You are too injured to fight recklessly!
You are too injured to fight recklessly!
You are too injured to fight recklessly!
You are too injured to fight recklessly!
The centaur shoots an arrow.
The arrow hits you.
* * * LOW HITPOINT WARNING * * *
The jelly hits you but does no damage.
The centaur shoots an arrow.
The arrow hits you but does no damage.
The centaur shoots an arrow.
The arrow hits you!
* * * LOW HITPOINT WARNING * * *
You block Menkaure's attack.
There is a stone staircase leading up here.
Menkaure gestures at you while chanting.
You struggle to resist.
You block the jelly's attack.
The ufetubus hits you but does no damage.
The ufetubus barely misses you.
The centaur shoots an arrow.
The arrow hits you but does no damage.
You climb upwards.
There is a stone staircase leading down here.
Menkaure gestures at you while chanting.
Pain shoots through your body!
* * * LOW HITPOINT WARNING * * *
The jelly hits you but does no damage.
The ufetubus hits you but does no damage.
The ufetubus barely misses you. Menkaure hits you but does no damage.
You closely miss Menkaure. You hit Menkaure.
Menkaure calls on the powers of darkness!
You feel a surge of unholy energy.
The jelly convulses!
You completely miss Menkaure. You block Menkaure's attack.
You hit Menkaure. You freeze Menkaure.
You destroy Menkaure!
Training target 12.0 for Maces & Flails reached!
Your Maces & Flails skill increases to level 12!
You need to enable at least one skill for training.
You hit the jelly. You freeze the jelly.
Your hands burn!
* * * LOW HITPOINT WARNING * * *
The jelly closely misses you.
You hit the jelly. You freeze the jelly.
Your hands burn!
You die...

.# #.####.........# .#
#.......######.# .#
#.####..#....#.# .# #.#
#.....#.#.#
.#############.####.##..#.#.#
.........#..........##..#.#.#
.........#...)...(..##..#.#.#
.........#..........##..#.#.#
.........#####.^@##.......#.#
.........#######J#####..###.#
.............>..5.......# #.#
.........########.#####.###.#
.........# #...#.......#
....######### ###.#.#.#####
....#.......# #.#.#.....#
....#.......# #.#.#####.#
....#.......# #.#.# #.#


You could see a jelly and an ufetubus.

Vanquished Creatures
  Pikel (D:5)
  Grinder (D:3)
  Menkaure (D:6)
  An ice beast (D:5)
  3 ogres
  3 phantoms
  Blork the orc (D:5)
  A bullfrog (D:6)
  A scorpion (D:4)
  2 howler monkeys
  5 wights (D:6)
  2 jellies (D:6)
  A hound (D:6)
  A bullfrog skeleton (D:5)
  Crazy Yiuf (D:2)
  2 orc wizards (D:6)
  3 worker ants
  4 adders
  5 gnolls
  2 white imps
  2 adder skeletons
  3 worms
  2 dart slugs
  4 leopard geckos
  5 orcs
  2 ball pythons
  2 giant cockroaches
  5 hobgoblins
  11 jackals
  8 quokkas
  12 bats
  4 frilled lizards
  7 goblins
  7 kobolds
  A quokka skeleton (D:6)
  6 rats
122 creatures vanquished.

Vanquished Creatures (others)
  3 fungi
  34 plants
37 creatures vanquished.

Grand Total: 159 creatures vanquished

Notes
Turn   | Place    | Note
-------+----------+-------------------------------------------
     0 | D:1      | MrTaco21 the Gargoyle Fighter began the quest for the Orb.
     0 | D:1      | Reached XP level 1. HP: 14/14 MP: 1/1
   130 | D:1      | Reached XP level 2. HP: 19/19 MP: 2/2
   304 | D:1      | Reached skill level 3 in Maces & Flails
   756 | D:2      | Found a runed translucent door.
   757 | D:2      | Noticed Crazy Yiuf
   839 | D:2      | Reached XP level 3. HP: 22/23 MP: 3/3
  1079 | D:2      | Found a faded altar of an unknown god.
  1459 | D:2      | Reached skill level 4 in Maces & Flails
  1513 | D:2      | Reached XP level 4. HP: 25/28 MP: 4/4
  1776 | D:2      | Killed Crazy Yiuf
  2118 | D:3      | Reached skill level 5 in Maces & Flails
  2118 | D:3      | Reached XP level 5. HP: 26/32 MP: 5/5
  2253 | D:3      | Noticed Grinder
  2253 | D:3      | Paralysed by Grinder for 3 turns
  2262 | D:3      | Paralysed by Grinder for 6 turns
  2271 | D:3      | Killed Grinder
  2272 | D:3      | Reached skill level 6 in Maces & Flails
  2272 | D:3      | Reached XP level 6. HP: 3/37 MP: 6/6
  2557 | D:3      | Found a sacrificial altar of Ru.
  2711 | D:3      | Found a white marble altar of Elyvilon.
  2908 | D:3      | Reached skill level 7 in Maces & Flails
  3217 | D:3      | Reached XP level 7. HP: 36/41 MP: 7/7
  3910 | D:4      | Found a transporter.
  3920 | D:4      | Found a stormy altar of Qazlal.
  4080 | D:4      | Found a transporter.
  4124 | D:4      | Found a runed translucent gate.
  4124 | D:4      | Found a runed translucent gate.
  4126 | D:4      | Found a runed translucent gate.
  4126 | D:4      | Identified the +4 short sword of Tiurag {chaos, rElec}
  4127 | D:4      | Noticed ThatDude's ghost (novice TeCj)
  4260 | D:4      | Found an ancient bone altar of Kikubaaqudgha.
  4425 | D:4      | Reached skill level 8 in Maces & Flails
  4688 | D:5      | Entered Level 5 of the Dungeon
  4820 | D:5      | Found a staircase to the Ecumenical Temple.
  4862 | Temple   | Entered the Ecumenical Temple
  5066 | D:5      | Noticed Blork the orc
  5082 | D:5      | Killed Blork the orc
  5476 | D:5      | Reached skill level 9 in Maces & Flails
  5476 | D:5      | Reached XP level 8. HP: 32/46 MP: 8/8
  5706 | D:5      | Noticed Pikel
  5733 | D:5      | Killed Pikel
  5734 | D:5      | Reached skill level 10 in Maces & Flails
  5780 | D:5      | Found Toclyf's Distillery.
  6187 | D:6      | Reached skill level 11 in Maces & Flails
  6518 | D:6      | Reached XP level 9. HP: 51/51 MP: 9/9
  6562 | D:6      | Found a hazy altar of Hepliaklqana.
  6563 | D:6      | Found a shimmering altar of Xom.
  6564 | D:6      | Noticed a spectral ugly thing
  6736 | D:6      | Found a glowing silver altar of Zin.
  7106 | D:6      | Found a broken altar of Ashenzari.
  8008 | D:7      | Noticed Menkaure
  8034 | D:6      | Killed Menkaure
  8035 | D:6      | Reached skill level 12 in Maces & Flails
  8036 | D:6      | Splashed by a jelly's acid

Illustrated notes

Levels and vault maps discovered:
D:1:      amcnicky_arrival_single_pillar, layout_rooms,
          hangedman_decor_diamond_cutter
D:2:      layout_basic, chequers_ecumenical_altar_grove, uniq_crazy_yiuf_cottage
D:3:      wad_woods_tower, layout_basic, nicolae_overflow_crystal_walls,
          nicolae_ru_the_path_less_chosen, supply_closet_lemuel,
          hangedman_feature_mirror, uniq_grinder
D:4:      gammafunk_steamed_eel, layout_basic, kennysheep_mini,
          nicolae_qazlal_general_emergency, gammafunk_ghost_nasty_kobolds
D:5:      layout_basic, minmay_temple_entry_grid, serial_shops,
          kennysheep_little_box, uniq_blork_the_orc, uniq_pikel
D:6:      layout_basic, regret_index_temple_of_mockery,
          ashenzari_conservatory_becter, kennysheep_mini_moat,
          kennysheep_generic_room_11
D:7:      layout_cave_pools, lemuel_coloured_pillars_altar,
          nicolae_overflow_hidden_temple, serial_glass, glass_columns_c,
          glass_columns_b, st_stairs_3, okawaru_altar_gauntlet_db, uniq_menkaure
Temple:   nicolae_temple_figure_zero

Skill      XL: |  1  2  3  4  5  6  7  8  9 |
---------------+----------------------------+-----
Maces & Flails | 3 4 5 6 7 9 11 12 | 12.0
Fighting       | |  3.6
Armour         | |  3.2
Shields        | |  3.6

Action                   |  1- 3 |  4- 6 |  7- 9 || total
-------------------------+-------+-------+-------++-------
Melee: Flail             |   153 |   161 |   160 ||   474
       Whip              |       |       |   210 ||   210
Armor: Scale mail        |   123 |   100 |   180 ||   403
Dodge: Dodged            |    51 |    72 |    83 ||   206
Block: Kite shield       |    92 |    98 |   141 ||   331

Table legend: (Time is in decaauts)
 A = Elapsed time spent in this place.
 B = Non-inter-level travel time spent in this place.
 C = Inter-level travel time spent in this place.
 D = Time resting spent in this place.
 E = Time spent auto-exploring this place.
 F = Levels seen in this place.
 G = Mean time per level.
                   A        B        C        D        E       F      G
               +--------+--------+--------+--------+--------+-----+--------+
         Total |   8150 |   7898 |    252 |   1394 |   5231 |   8 | 1018.8 |
       Dungeon |   7951 |   7708 |    243 |   1394 |   5043 |   7 | 1135.9 |
        Temple |    198 |    189 |      9 |      0 |    188 |   1 |  198.0 |
               +--------+--------+--------+--------+--------+-----+--------+

Top non-repeatable levels by time:
     D:3: 1829 daAuts
     D:6: 1683 daAuts
     D:2: 1465 daAuts
     D:5: 1420 daAuts
     D:4: 928 daAuts
     D:1: 603 daAuts
  Temple: 198 daAuts
     D:7: 20 daAuts
